 Dungeon Crawl Stone Soup version 0.28.0-53-g5a82cb258f (webtiles) character file.

Game seed: 7799581507476860819

83555 oldmanjim the Severer (level 15, -27/149 HPs)
             Began as a Hill Orc Fighter on July 22, 2022.
             Was the Champion of Okawaru.
             Killed from afar by a Hell Sentinel (34 damage)
             ... with damnation
             ... on level 3 of the Abyss on July 30, 2022.
             The game lasted 03:11:48 (23398 turns).

oldmanjim the Severer (Hill Orc Fighter)           Turns: 23398, Time: 03:11:49

Health: -27/149    AC: 22    Str: 32 (33) XL:     15   Next: 77%
Magic:  25/25      EV:  7    Int: 11 (12) God:    Okawaru [******]
Gold:   2388       SH: 26    Dex: 12      Spells: 16/16 levels left

rFire   . . .      SeeInvis .   a - +8 broad axe (freeze)
rCold   + . .      Faith    .   N - +8 tower shield "Hony" {*Corrode Fly rElec}
rNeg    . . .      Spirit   .   C - +2 chain mail of Wicked Beauty {Will+ Dex+2}
rPois   +          Reflect  .   c - +0 helmet
rElec   +          Harm     .   T - +0 cloak {rPois}
rCorr   .          Rampage  .   r - +1 pair of gloves
Will    ++...                   Q - +0 pair of boots
Stlth   ..........              e - amulet of regeneration
HPRegen 1.14/turn               U - +4 ring of protection
MPRegen 0.19/turn               k - ring "Toggag" {rC+ Str+6 Int+4}

@: flying
A: [deterioration 2]
a: Renounce Religion, Heroism, Finesse, Duel


You were on level 3 of the Abyss.
You worshipped Okawaru.
Okawaru was exalted by your worship.
You visited 3 branches of the dungeon, and saw 21 of its levels.
You visited the Abyss 1 time.
You also visited: Sewer and Gauntlet.

You collected 2811 gold pieces.
You spent 423 gold pieces at shops.

Inventory:

Hand Weapons
 a - a +8 broad axe of freezing (weapon)
 b - the +7 fustibalus of Xuawudunt {venom, rF+ Str+3}
   (You found it on level 2 of the Lair of Beasts)

   Any ammunition fired from it poisons the flesh of those it strikes.
   Str:       It affects your strength (+3).
   rF:        It protects you from fire.
 p - a +3 flail of holy wrath
Missiles
 m - 2 atropa-tipped darts
 q - 25 poisoned darts
 v - 134 sling bullets
 y - 9 silver javelins (quivered)
 O - 3 curare-tipped darts
Armour
 c - a +0 helmet (worn)
 r - a +1 pair of gloves (worn)
 C - the +2 chain mail of Wicked Beauty (worn) {Will+ Dex+2}
   (Okawaru gifted it to you on level 4 of the Lair of Beasts)

   Dex:       It affects your dexterity (+2).
   Will:      It increases your willpower.
 N - the +8 tower shield "Hony" (worn) {*Corrode Fly rElec}
   (You bought it in a shop on level 7 of the Dungeon)

   rElec:     It insulates you from electricity.
   Fly:       It grants you flight.
   *Corrode:  It may corrode you when you take damage.
 Q - a +0 pair of boots (worn)
 R - the +18 shield of the Gong {rElec rN+ Will+ EV-5}
   (You found it on level 10 of the Dungeon)

   It is deafeningly noisy when blocking attacks.
   EV:        It affects your evasion (-5).
   rElec:     It insulates you from electricity.
   rN:        It protects you from negative energy.
   Will:      It increases your willpower.
 T - a +0 cloak of poison resistance (worn)
Jewellery
 e - an amulet of regeneration (around neck)
 i - a ring of positive energy
 j - a +6 ring of intelligence
 k - the ring "Toggag" (right hand) {rC+ Str+6 Int+4}
   (You found it on level 13 of the Dungeon)

   [ring of strength]

   Str:       It affects your strength (+6).
   Int:       It affects your intelligence (+4).
   rC:        It protects you from cold.
 G - an amulet of reflection
 M - a ring of wizardry
 U - a +4 ring of protection (left hand)
Wands
 n - a wand of polymorph (19)
 u - a wand of paralysis (11)
 z - a wand of acid (1)
 D - a wand of flame (74)
 S - a wand of iceblast (11)
 W - a wand of mindburst (6)
Scrolls
 g - 6 scrolls of teleportation
 h - 3 scrolls of fog
 t - 2 scrolls of blinking
 E - a scroll of magic mapping
 F - 11 scrolls of identify
 I - a scroll of holy word
 K - a scroll of brand weapon
 L - 5 scrolls of enchant armour
 Y - 2 scrolls of fear
Potions
 d - 3 potions of might
 f - 4 potions of heal wounds
 l - 8 potions of curing
 o - 2 potions of magic
 s - 5 potions of attraction
 w - a potion of invisibility
 x - 5 potions of mutation
 A - 2 potions of lignification
 B - 4 potions of flight
 H - a potion of cancellation
 J - 2 potions of berserk rage
 V - 3 potions of haste
 X - 5 potions of brilliance
 Z - a potion of ambrosia {unknown}
Miscellaneous
 P - a condenser vane


   Skills:
 + Level 17.8 Fighting
 - Level 18.0 Axes
 + Level 4.1 Slings
 + Level 7.3 Armour
 - Level 2.0 Dodging
 - Level 15.0 Shields
 - Level 1.0 Spellcasting
 + Level 14.3 Invocations
 - Level 3.0 Evocations


You had 16 spell levels left.
You didn't know any spells.
Your spell library contained the following spells:

 Spells                   Type           Power      Damage    Failure   Level
 Beastly Appendage        Tmut           0%         N/A       99%         1
 Pain                     Necr           0%         1d4       99%         1
 Shock                    Conj/Air       0%         1d3       99%         1
 Ensorcelled Hibernation  Hex/Ice        0%         N/A       100%        2
 Scorch                   Fire           0%         2d5       100%        2
 Sublimation of Blood     Necr           0%         N/A       100%        2
 Wereblood                Tmut           0%         N/A       100%        2
 Conjure Flame            Conj/Fire      0%         6-21      100%        3
 Frozen Ramparts          Ice            0%         1d2       100%        3
 Ignite Poison            Fire/Tmut/Pois 0%         N/A       100%        3
 Mephitic Cloud           Conj/Pois/Air  0%         N/A       100%        3
 Portal Projectile        Hex/Tloc       0%         N/A       100%        3
 Spider Form              Tmut/Pois      0%         N/A       100%        3
 Swiftness                Air            0%         N/A       100%        3
 Vampiric Draining        Necr           0%         2d6       100%        3
 Airstrike                Air            0%         N/A       100%        4
 Anguish                  Hex/Necr       0%         N/A       100%        4
 Flame Wave               Conj/Fire      0%         2d4       100%        4
 Olgreb's Toxic Radiance  Pois           0%         N/A       100%        4
 Petrify                  Tmut/Erth      0%         N/A       100%        4
 Sticky Flame             Conj/Fire      0%         2d3       100%        4
 Borgnjor's Vile Clutch   Necr/Erth      0%         N/A       100%        5
 Fireball                 Conj/Fire      0%         3d3       100%        5
 Freezing Cloud           Conj/Ice/Air   0%         6-21      100%        5
 Irradiate                Conj/Tmut      0%         3d13      100%        5
 Iskenderun's Battlesphe  Conj           0%         2d6       100%        5
 Conjure Ball Lightning   Conj/Air       0%         3x3d6     100%        6
 Orb of Destruction       Conj           0%         9d5       100%        7
 Ozocubu's Refrigeration  Ice            0%         4d5       100%        7
 Storm Form               Tmut/Air       0%         N/A       100%        7
 Disjunction              Tloc           0%         N/A       100%        8
 Ignition                 Fire           0%         3d3       100%        8
 Maxwell's Capacitive Co  Air            0%         ∞         100%        8
 Animate Skeleton         Necr           Unusable   N/A       N/A         1
 Animate Dead             Necr           Unusable   N/A       N/A         4
 Summon Lightning Spire   Summ/Air       Unusable   N/A       N/A         4
 Summon Forest            Summ/Tloc      Unusable   N/A       N/A         5
 Death Channel            Necr           Unusable   N/A       N/A         6
 Summon Cactus Giant      Summ           Unusable   N/A       N/A         6
 Summon Hydra             Summ           Unusable   N/A       N/A         7

Dungeon Overview and Level Annotations

Branches:
Dungeon (14/15)            Temple (1/1) D:6            Lair (6/6) D:8
 Shoals (0/4) Lair:2       Spider (0/4) Lair:2        Slime (0/5) Lair:6
    Orc (0/2) D:10          Sewer (visited)         Gauntlet (visited)
 Vaults: D:13-14

Altars:
Ashenzari
Cheibriados
Dithmenos
Elyvilon
Fedhas
Gozag
Hepliaklqana
Kikubaaqudgha
Makhleb
Nemelex Xobeh
Okawaru
Qazlal
Ru
Sif Muna
Trog
Uskayaw
Vehumet
Wu Jian
Xom
Yredelemnul
Zin
The Shining One
Jiyva
Lugonu

Shops:
D:1 (   D:4 =!(([   D:7 [

Portals:
Abyss: Lair:6
Trove: D:13 (give horn of Geryon)

Annotations:
Lair:6 3 runed translucent doors, OhItsWolfy's ghost, journeyman MiFi


Innate Abilities, Weirdness & Mutations

[Your body often deteriorates upon taking damage.]


Message History

The sphere of damnation explodes!
The damnation engulfs you!!
* * * LOW HITPOINT WARNING * * *
Your body deteriorates!
You feel dopey. The Hell Sentinel gestures at you.
The sphere of damnation explodes!
The damnation engulfs you!!
* * * LOW HITPOINT WARNING * * *
The damnation engulfs the Hell Sentinel.
The Hell Sentinel completely resists.
You barely miss the Hell Sentinel.
You block the Hell Sentinel's attack. x2
You hit the Hell Sentinel but do no damage.
You block the Hell Sentinel's attack.
The Hell Sentinel hits you but does no damage.
You slice the Hell Sentinel!!
The Hell Sentinel is lightly wounded.
You block the Hell Sentinel's attack. x2
You hit the Hell Sentinel.
The Hell Sentinel is lightly wounded.
You block the Hell Sentinel's attack. x2
You slice the Hell Sentinel!!
The Hell Sentinel is moderately wounded.
You slice the Hell Sentinel!!
The Hell Sentinel is heavily wounded.
The Hell Sentinel barely misses you. You block the Hell Sentinel's attack.
You slice the Hell Sentinel!!
The Hell Sentinel is severely wounded.
You block the Hell Sentinel's attack. The Hell Sentinel hits you!
* * * LOW HITPOINT WARNING * * *
You slice the Hell Sentinel!!
The Hell Sentinel is almost dead.
The Hell Sentinel hits you!
* * * LOW HITPOINT WARNING * * *
You block the Hell Sentinel's attack.
You hit the Hell Sentinel.
The Hell Sentinel is almost dead.
You block the Hell Sentinel's attack. x2
You hit the Hell Sentinel but do no damage.
The Hell Sentinel is almost dead.
The Hell Sentinel gestures at you.
The sphere of damnation explodes!
The damnation engulfs you!!
You die...

# #.# # #. # .
# . #. ..# ###
. # #.## #...
#. .....####...
#
#.##..........#
. .....∩...###
####1....... .
#@####. .#.#
#.# ...# #.# #.
# #.# ##.. #
#.# #..#.# ###
. ..# # # # ###
#.... ## #.#...
. #


You could see a Hell Sentinel.

Vanquished Creatures
  A bone dragon (Abyss:3)
  Nessos (D:12)
  2 starcursed masses (Abyss:3)
  A minotaur (Gauntlet)
  Josephine (D:11)
  Fannar (D:11)
  A boulder beetle (Lair:5)
  13 hydras
  3 two-headed ogres
  2 centaur warriors
  2 death knights (D:11)
  9 death yaks
  3 thrashing horrors (Lair:6)
  Urug (D:11)
  2 wretched stars (Abyss:3)
  3 skeletal warriors (D:13)
  A steelbarb worm (shapeshifter) (Lair:6)
  An oklob plant (Gauntlet)
  2 ugly things
  4 cyclopes
  10 slime creatures
  6 manticores
  A moth of wrath (Gauntlet)
  19 elephants
  A rust devil (Gauntlet)
  2 vault sentinels (D:10)
  2 smoke demons
  6 black mambas
  An orange demon (Abyss:3)
  A torpor snail (Lair:4)
  17 cane toads
  Maggie (D:6)
  3 gargoyles
  4 unseen horrors
  5 rime drakes
  A komodo dragon (shapeshifter) (D:14)
  7 komodo dragons
  Psyche (D:12)
  A yaktaur (shapeshifter) (D:14)
  A hellwing (Abyss:3)
  2 tengu conjurers (D:13)
  3 ancient zymes
  A wind drake (Lair:2)
  6 trolls
  2 hornets (shapeshifter)
  A hornet (Lair:2)
  3 polar bears
  A polar bear (shapeshifter) (Lair:6)
  13 blink frogs
  4 raiju (Abyss:3)
  4 shadows
  A culicivora (shapeshifter) (Lair:6)
  A spriggan (Lair:6)
  A flying skull (Abyss:3)
  2 ynoxinuls
  10 wraiths
  9 small abominations (Lair:6)
  A wyvern (Lair:4)
  42 yaks
  10 basilisks
  3 redbacks (Gauntlet)
  2 steam dragons
  A chaos spawn (Lair:6)
  6 vampire mosquitoes
  A warg (shapeshifter) (Lair:6)
  3 acid dragons
  7 large abominations
  14 water moccasins
  2 orc warriors
  Pargi (Sewer)
  4 ice beasts
  4 black bears
  A blink frog zombie (D:9)
  A necrophage (D:6)
  21 wolves
  12 centaurs
  A kobold brigand (D:6)
  13 bullfrogs
  5 scorpions (Lair:2)
  A wyvern skeleton (D:6)
  A water moccasin skeleton (D:6)
  6 killer bees (D:10)
  10 wights
  A howler monkey (D:11)
  A bullfrog zombie (D:5)
  4 centaur zombies
  6 hounds
  4 iron imps (Gauntlet)
  4 jellies
  4 orc priests (D:7)
  2 iguanas
  Terence (D:2)
  9 orc wizards
  A killer bee zombie (D:7)
  2 centaur simulacra
  2 hound skeletons (D:4)
  A howler monkey zombie (D:9)
  A howler monkey skeleton (D:7)
  4 gnolls
  4 adders
  A shadow imp (D:7)
  A howler monkey simulacrum (D:9)
  3 white imps (D:9)
  An ufetubus (D:9)
  5 worms
  A dart slug (D:1)
  13 orcs
  10 endoplasms
  6 giant cockroaches
  8 goblins
  8 hobgoblins
  13 kobolds
  A quokka (D:1)
  5 ball pythons
  6 bats
  3 frilled lizards
  6 rats
  A lurking horror (Abyss:3)
524 creatures vanquished.

Vanquished Creatures (others)
  14 fungi
  39 plants
  7 starspawn tentacles (Abyss:3)
60 creatures vanquished.

Grand Total: 584 creatures vanquished

Notes
Turn   | Place    | Note
-------+----------+-------------------------------------------
     0 | D:1      | oldmanjim the Hill Orc Fighter began the quest for the Orb.
     0 | D:1      | Reached XP level 1. HP: 19/19 MP: 1/1
   190 | D:1      | Found Naonk's Weapon Boutique.
   235 | D:1      | Reached XP level 2. HP: 27/27 MP: 2/2
   330 | D:1      | Reached skill level 3 in Axes
   681 | D:1      | Found a faded altar of an unknown god.
   851 | D:2      | Reached XP level 3. HP: 33/33 MP: 3/3
   924 | D:2      | Noticed Terence
   934 | D:2      | Killed Terence
   954 | D:2      | Reached XP level 4. HP: 36/40 MP: 4/4
  1428 | D:3      | Found a white marble altar of Elyvilon.
  1581 | D:3      | Reached skill level 4 in Axes
  1814 | D:3      | Found a glowing drain.
  1832 | Sewer    | Entered a sewer
  1936 | Sewer    | Noticed Pargi
  1950 | Sewer    | Killed Pargi
  1951 | Sewer    | Reached skill level 5 in Axes
  1951 | Sewer    | Reached skill level 5 in Shields
  1951 | Sewer    | Reached XP level 5. HP: 23/46 MP: 5/5
  2074 | D:3      | Reached skill level 6 in Axes
  2232 | D:3      | You fall into a shaft and drop 1 floor!
  2232 | D:4      | Found Jiogrynt's Jewellery Shoppe.
  2302 | D:4      | Reached XP level 6. HP: 52/52 MP: 6/6
  2381 | D:4      | Found Nyas's Distillery.
  2389 | D:4      | Bought a potion of curing for 30 gold pieces
  2389 | D:4      | Bought a potion of degeneration for 10 gold pieces
  2389 | D:4      | Bought a potion of lignification for 30 gold pieces
  2389 | D:4      | Bought a potion of flight for 30 gold pieces
  2688 | D:4      | Found Fafoakh's Armour Boutique.
  2950 | D:4      | Reached skill level 7 in Axes
  3006 | D:4      | Found Sovewapt's Weapon Boutique.
  3354 | D:4      | Found Zuriev's Weapon Shoppe.
  3785 | D:5      | Entered Level 5 of the Dungeon
  3914 | D:5      | Identified the +6 hand axe "Death Rattle" {antimagic, rC+
                  | Int+3}
  3973 | D:5      | Noticed a black bear
  3987 | D:5      | Killed a black bear
  3988 | D:5      | Reached skill level 8 in Axes
  3988 | D:5      | Reached XP level 7. HP: 40/59 MP: 2/7
  4195 | D:5      | Reached skill level 9 in Axes
  4482 | D:6      | Reached skill level 10 in Axes
  4552 | D:6      | Reached skill level 1 in Evocations
  4552 | D:6      | Reached XP level 8. HP: 67/67 MP: 2/8
  4563 | D:6      | Found a blossoming altar of Fedhas.
  4713 | D:6      | Reached skill level 15 in Fighting
  4713 | D:6      | Reached XP level 9. HP: 97/97 MP: 3/9
  4867 | D:6      | Noticed Maggie
  4882 | D:6      | Killed Maggie
  4967 | D:6      | Found a staircase to the Ecumenical Temple.
  4973 | Temple   | Entered the Ecumenical Temple
  5302 | Temple   | Became a worshipper of Warmaster Okawaru
  5909 | D:7      | Reached skill level 11 in Axes
  6383 | D:7      | Found Parutzo's Antique Armour Shoppe.
  6386 | D:7      | Bought an encrusted tower shield for 323 gold pieces
  6386 | D:7      | Identified the +8 tower shield "Hony" {*Corrode Fly rElec}
                  | (You bought it in a shop on level 7 of the Dungeon)
  6562 | D:8      | Reached * piety under Okawaru
  6586 | D:8      | Reached XP level 10. HP: 101/105 MP: 3/10
  6591 | D:8      | Reached skill level 1 in Invocations
  6802 | D:8      | Found a staircase to the Lair.
  7278 | D:9      | Reached ** piety under Okawaru
  7286 | D:9      | Noticed a two-headed ogre
  7302 | D:9      | Killed a two-headed ogre
  7397 | D:8      | Reached skill level 12 in Axes
  7532 | D:9      | Reached *** piety under Okawaru
  8237 | D:9      | Reached **** piety under Okawaru
  8248 | D:9      | Reached skill level 5 in Invocations
  8248 | D:9      | Reached XP level 11. HP: 112/112 MP: 4/14
  8469 | D:10     | Entered Level 10 of the Dungeon
  8611 | D:10     | Noticed a two-headed ogre
  8721 | D:10     | Reached skill level 13 in Axes
  8742 | D:10     | Reached ***** piety under Okawaru
  8767 | D:10     | Killed a two-headed ogre
  8955 | D:10     | Found a staircase to the Orcish Mines.
  9496 | D:10     | Found the +18 shield of the Gong {rElec rN+ Will+ EV-5}
  9582 | D:10     | Identified the +6 scimitar "Gram" {holy, Will+}
  9830 | Lair:1   | Entered Level 1 of the Lair of Beasts
  9853 | Lair:1   | Reached skill level 14 in Axes
  9989 | Lair:1   | Reached skill level 10 in Shields
 10025 | Lair:1   | Identified the +1 tower shield of the Okapi {Slay+2 Stlth+}
                  | (Okawaru gifted it to you on level 1 of the Lair of Beasts)
 10025 | Lair:1   | Received a gift from Okawaru
 10339 | Lair:1   | Reached XP level 12. HP: 102/119 MP: 5/15
 10894 | Lair:2   | Paralysed by a hornet for 2 turns
 10904 | Lair:2   | Paralysed by a hornet for 3 turns
 10931 | Lair:2   | Reached skill level 1 in Spellcasting
 11125 | Lair:2   | Noticed a five-headed hydra
 11139 | Lair:2   | Killed a five-headed hydra
 11563 | Lair:2   | Found a hole to the Spider Nest.
 11845 | Lair:2   | HP: 3/122 [wind drake/the air (21)]
 11942 | Lair:2   | Found a staircase to the Shoals.
 11978 | Lair:2   | Found a basalt altar of Yredelemnul.
 12075 | Lair:2   | Noticed a five-headed hydra
 12094 | Lair:2   | Killed a five-headed hydra
 12337 | Lair:2   | Reached skill level 15 in Axes
 12777 | Lair:2   | Noticed a four-headed hydra
 12787 | Lair:2   | Killed a four-headed hydra
 12830 | Lair:2   | Noticed a four-headed hydra
 12851 | Lair:2   | Killed a four-headed hydra
 12915 | Lair:2   | Identified the +7 fustibalus of Xuawudunt {venom, rF+
                  | Str+3}
 13444 | Lair:3   | Reached skill level 5 in Armour
 13447 | Lair:3   | Noticed a death yak
 13447 | Lair:3   | Noticed a death yak
 13448 | Lair:3   | Noticed a death yak
 13448 | Lair:3   | Noticed a death yak
 13449 | Lair:3   | Noticed a death yak
 13449 | Lair:3   | Noticed a death yak
 13502 | Lair:3   | Killed a death yak
 13502 | Lair:3   | Received a gift from Okawaru
 13519 | Lair:3   | Killed a death yak
 13531 | Lair:3   | Killed a death yak
 13531 | Lair:3   | Reached ****** piety under Okawaru
 13532 | Lair:3   | Reached XP level 13. HP: 59/128 MP: 5/17
 13552 | Lair:3   | Identified a scroll of acquirement
 13554 | Lair:3   | Acquired 1146 gold pieces
 13928 | Lair:3   | Received a gift from Okawaru
 14085 | Lair:3   | Reached skill level 16 in Axes
 15127 | Lair:4   | Identified the +2 chain mail of Wicked Beauty {Will+ Dex+2}
                  | (Okawaru gifted it to you on level 4 of the Lair of Beasts)
 15127 | Lair:4   | Received a gift from Okawaru
 15689 | Lair:4   | Reached skill level 17 in Axes
 15706 | Lair:4   | Reached skill level 10 in Invocations
 16125 | Lair:5   | Reached XP level 14. HP: 124/137 MP: 21/21
 16429 | Lair:5   | Found an ornate altar of the Wu Jian Council.
 16429 | Lair:5   | Found a hide-covered altar of Uskayaw.
 16668 | Lair:6   | Entered Level 6 of the Lair of Beasts
 16717 | Lair:6   | Reached skill level 1 in Dodging
 17129 | Lair:6   | Identified the +1 plate armour of Plog {rC+ Int+4} (Okawaru
                  | gifted it to you on level 6 of the Lair of Beasts)
 17129 | Lair:6   | Received a gift from Okawaru
 17130 | Lair:6   | Reached skill level 15 in Shields
 17564 | Lair:6   | Identified the +6 scale mail of Rilybyul {rElec Int+3}
 17597 | Lair:6   | Found a runed translucent door.
 17598 | Lair:6   | Found a viscous altar of Jiyva.
 17598 | Lair:6   | Found a staircase to the Slime Pits.
 17724 | Lair:6   | Found a runed translucent gate.
 17726 | Lair:6   | Found a runed translucent gate.
 17727 | Lair:6   | Found a runed translucent gate.
 17728 | Lair:6   | Noticed OhItsWolfy's ghost (journeyman MiFi)
 18209 | Lair:6   | Identified the +4 mace of Sezigh {vorpal, *Rage rC+ Dex+4}
 18605 | Lair:6   | Found a corrupted altar of Lugonu.
 18605 | Lair:6   | Found a one-way gate to the infinite horrors of the Abyss.
 19046 | D:11     | Noticed Urug
 19052 | D:11     | Killed Urug
 19221 | D:11     | Reached skill level 18 in Axes
 19358 | D:11     | Noticed Fannar
 19380 | D:11     | Killed Fannar
 19453 | D:11     | Identified the +3 battleaxe of Vifid {vorpal, rPois rC+}
                  | (Okawaru gifted it to you on level 11 of the Dungeon)
 19453 | D:11     | Received a gift from Okawaru
 19454 | D:11     | Reached XP level 15. HP: 115/147 MP: 24/24
 19600 | D:11     | Reached skill level 1 in Slings
 19695 | D:11     | Noticed Josephine
 19714 | D:11     | Killed Josephine
 20294 | D:12     | Noticed Nessos
 20309 | D:12     | Killed Nessos
 20533 | D:12     | Noticed Psyche
 20539 | D:12     | Killed Psyche
 20699 | D:12     | Identified the -6 pair of boots "Dyneycal" {Will- Str+7}
                  | (Okawaru gifted it to you on level 12 of the Dungeon)
 20699 | D:12     | Received a gift from Okawaru
 20770 | D:12     | Identified the +3 lajatang "Dirycoxi" {venom, rElec rPois
                  | rF+}
 21276 | D:13     | Found a portal to a secret trove of treasure.
 21320 | D:13     | Identified the ring "Toggag" {rC+ Str+6 Int+4}
 21372 | D:13     | Found a gate leading to a gauntlet.
 21392 | Gauntlet | Entered a Gauntlet
 21392 | Gauntlet | Found a transporter.
 21392 | Gauntlet | Found a transporter.
 21407 | Gauntlet | Found a transporter.
 21426 | Gauntlet | Found a transporter.
 21426 | Gauntlet | Found a transporter.
 21429 | Gauntlet | Found a transporter.
 21429 | Gauntlet | Found a transporter.
 21441 | Gauntlet | Found a transporter.
 21459 | Gauntlet | Found a transporter.
 21469 | Gauntlet | Found a transporter.
 21486 | Gauntlet | Found a transporter.
 21506 | Gauntlet | Found a transporter.
 21506 | Gauntlet | Found a transporter.
 21519 | Gauntlet | Found a transporter.
 21772 | Gauntlet | Got the Compendium of the Glacial Voyage
 21839 | Gauntlet | Identified the +6 long sword "Ultimatum" {venom, Str+3
                  | Dex+2}
 23064 | D:14     | Cast into level 3 of the Abyss (a wizard)
 23166 | Abyss:3  | Found a candlelit altar of Ignis.
 23171 | Abyss:3  | Noticed a bone dragon
 23202 | Abyss:3  | Killed a bone dragon
 23217 | Abyss:3  | Found a candlelit altar of Ignis.
 23293 | Abyss:3  | Found a candlelit altar of Ignis.
 23340 | Abyss:3  | Noticed a tentacled starspawn
 23384 | Abyss:3  | Noticed a Hell Sentinel
 23396 | Abyss:3  | HP: 5/149 [Hell Sentinel (11)]
 23398 | Abyss:3  | Killed from afar by a Hell Sentinel

Illustrated notes

Levels and vault maps discovered:
D:1:      amcnicky_arrival_single_pillar, layout_loops_cross, serial_shops,
          shop, dreamdust_ecumenical_altar_hidden_monk_grotto
D:2:      layout_rooms, hex_intersection, st_stairs_1, minmay_pentomino_q2,
          uniq_terence
D:3:      layout_loops_ring, nicolae_elyvilon_temple_path,
          cheibrodos_sewer_entry_bend, hangedman_decor_points
D:4:      layout_layer_cave, serial_shops, nicolae_shop_stone, shop_coins,
          shop_fountains, nicolae_shop_crystal,
          nicolae_shop_bloodbath_and_beyond, chequers_serial_rivers_micro_c,
          corexii_item_surrounded_by_moat, st_stairs_1, hangedman_decor_growths
D:5:      layout_basic
D:6:      layout_cave_pools, mainiacjoe_overflow_boulevard,
          minmay_temple_entry_wispy, kennysheep_cross_bottleneck, uniq_maggie
D:7:      layout_basic, serial_shops, kennysheep_mini_moat
D:8:      layout_loops_ring, lair_entry_dummy, sigmund_army
D:9:      layout_basic, serial_ice, serial_ice_n, serial_ice_c, serial_ice_o,
          serial_ice_b, serial_ice_d, serial_ice_i, serial_ice_m, serial_ice_a
D:10:     layout_loops_ring, orc_0_dummy, hellmonk_guarded_unrand_gong
D:11:     minmay_imperfect_grid, layout_loops_corners, uniq_josephine,
          uniq_fannar, uniq_urug
D:12:     layout_loops_ring, uniq_psyche, uniq_nessos
D:13:     layout_basic, gauntlet_entry_generic, nicolae_trove_entry_diagonal
D:14:     layout_rooms, david_vaults_1, minivault_23, uniq_rupert
Temple:   mainiacjoe_temple_cubbyholes
Lair:1:   layout_regular_city
Lair:2:   cheibrodos_lair_overgrown_chateau, layout_small_grid,
          minmay_shoals_entry_beasts, nicolae_spider_entry_non_spiders,
          basic_altar
Lair:3:   layout_cave_pods, lemuel_fruit_fields, grunt_megastairs_3
Lair:4:   layout_cave_pods, st_stairs_13
Lair:5:   layout_cave_shapes, nicolae_quartered_pool_medium,
          nzn_masters_of_martial_movement
Lair:6:   hellmonk_lair_end_abyssal_woods, layout_cave_shapes, slime_altar_2,
          gammafunk_ghost_necromancy
Abyss:3:  base: D:1, gammafunk_corrupted_shrine, gammafunk_corrupted_shrine,
          hangedman_abyss_or_decor_stagger

Skill      XL: |  1  2  3  4  5  6  7  8  9 10 11 12 13 14 15 |
---------------+----------------------------------------------+-----
Axes           | 3 5 6 8 10 11 12 14 15 17 18 | 18.0
Fighting       | 4 15 16 17 | 17.8
Shields        | 4 5 6 7 11 12 14 15 | 15.0
Evocations     | 1 2 3 |  3.0
Armour         | 4 5 7 |  7.3
Invocations    | 5 6 10 12 14 | 14.3
Spellcasting   | 1 |  1.0
Dodging        | 2 |  2.0
Slings         | 4 |  4.1

Action                   |  1- 3 |  4- 6 |  7- 9 | 10-12 | 13-15 || total
-------------------------+-------+-------+-------+-------+-------++-------
Melee: War axe           |    61 |       |       |       |       ||    61
       Flail             |     1 |   146 |       |    45 |    60 ||   252
       Hand axe          |       |    13 |   197 |   731 |       ||   941
       Broad axe         |       |       |       |       |   802 ||   802
 Fire: Hunting sling     |       |       |       |    34 |       ||    34
       Fustibalus        |       |       |       |    22 |   221 ||   243
Throw: Stone             |       |    23 |     7 |    13 |       ||    43
       Dart              |       |    11 |    10 |     3 |     6 ||    30
       Javelin           |       |       |       |       |     3 ||     3
Invok: Heroism           |       |       |       |     2 |     3 ||     5
       Finesse           |       |       |       |     2 |     2 ||     4
Evoke: Wand              |       |       |       |     1 |       ||     1
  Use: Scroll            |       |       |    10 |     2 |    21 ||    33
       Potion            |       |       |     1 |     3 |       ||     4
Armor: Scale mail        |    26 |    71 |    25 |       |    94 ||   216
       Swamp dragon scal |       |       |    20 |   153 |   145 ||   318
       Chain mail        |       |       |       |       |    54 ||    54
Dodge: Dodged            |    28 |    69 |    66 |   101 |   179 ||   443
Block: Buckler           |    16 |    34 |    18 |       |       ||    68
       Tower shield      |       |       |    22 |   807 |  1079 ||  1908
